 Dungeon Crawl Stone Soup version 0.27-a0-1381-g81fdcbfb23 (webtiles) character file.

Game seed: 16468856275898148454

349 Johnny the Magician (level 6, -2/55 HPs)
             Began as a Deep Elf Earth Elementalist on June 30, 2021.
             Frozen to death by an endoplasm (3 damage)
             ... on level 3 of the Dungeon.
             The game lasted 00:04:15 (5176 turns).

Johnny the Magician (Deep Elf Earth Elementalist)   Turns: 5176, Time: 00:04:15

Health: -2/55      AC: 23    Str:  5    XL:     6   Next: 33%
Magic:  15/15      EV: -1    Int: 22    God:
Gold:   195        SH:  0    Dex: 15    Spells: 11/15 levels left

rFire    . . .     SeeInvis .   r - +3 morningstar
rCold    . . .     Faith    .   (no shield)
rNeg     + + +     Spirit   .   (armour currently unavailable)
rPois    +         Reflect  .   (helmet currently unavailable)
rElec    .         Harm     .   (cloak currently unavailable)
rCorr    .         Rampage  .   (gloves currently unavailable)
Will     .....     NoTele   +   (boots currently unavailable)
Stlth    ++........             (no amulet)
HPRegen  0.18/turn              m - ring of wizardry
MPRegen  0.14/turn              (no ring)

@: mighty, tree-form, constricted
A: stationary, stasis, torment immunity, boosted hp
a: no special abilities


You were on level 3 of the Dungeon.
You were a tree.
You visited 1 branch of the dungeon, and saw 4 of its levels.
You also visited: Sewer.

You collected 195 gold pieces.

Inventory:

Hand Weapons
 e - a +0 dagger
 k - a +0 short sword
 r - a +3 morningstar (weapon)
Missiles
 c - 99 stones
Armour
 b - a +0 robe
 n - a +0 leather armour (melded)
Jewellery
 m - a ring of wizardry (left branch)
Scrolls
 g - a scroll of brand weapon {unknown}
 i - 3 scrolls of identify {unknown}
 l - a scroll of vulnerability {unknown}
 o - 2 scrolls of magic mapping {unknown}
 p - 2 scrolls of enchant weapon {unknown}
 s - a scroll of blinking {unknown}
 t - 3 scrolls of teleportation {unknown}
 u - a scroll of fear {unknown}
 x - a scroll of torment {unknown}
Potions
 a - 2 potions of haste {unknown}
 d - a potion of berserk rage {unknown}
 f - 3 potions of lignification
 h - a potion of invisibility {unknown}
 j - 2 potions of magic
 q - a potion of might
 v - 2 potions of heal wounds {unknown}
 w - a potion of curing {unknown}


   Skills:
 * Level 3.6 Fighting
 - Level 2.4 Dodging
 - Level 2.4 Stealth
 + Level 5.1 Spellcasting
 - Level 1.1 Transmutations
 + Level 4.8 Earth Magic


You had 11 spell levels left.
You knew the following spells:

 Your Spells              Type           Power      Damage    Failure   Level
a - Sandblast             Erth           52%        2d12      1%          1
b - Stone Arrow           Conj/Erth      32%        3d9       4%          3

Your spell library contained the following spells:

 Spells                   Type           Power      Damage    Failure   Level
 Passwall                 Tmut/Erth      15%        N/A       1%          2
 Petrify                  Tmut/Erth      18%        N/A       12%         4
 Lee's Rapid Deconstruct  Erth           13%        3d10*     16%         5


Dungeon Overview and Level Annotations

Branches:
Dungeon (4/15)             Temple (0/1) D:4           Sewer (visited)

Altars:
Kikubaaqudgha
Nemelex Xobeh
Okawaru


Message History

Press: ? - help, Shift-Dir - straight line, f - ball python
Aim: a ball python (constricting you, 64% to hit)
The stone arrow misses the ball python.
The gnoll hits you from afar with a +0 spear. x2
The ball python bites you. The ball python constricts you.
The gnoll barely misses you.
Unknown command.
Okay, then.
You escape the ball python's grasp.
The gnoll misses you. The gnoll closely misses you. The ball python bites you.
* * * LOW HITPOINT WARNING * * *
The ball python grabs you.
You stop descending the stairs.
The ball python constricts you.
The gnoll hits you with a +0 flail of holy wrath.
* * * LOW HITPOINT WARNING * * *
Unknown command.
It was a potion of lignification.
You turn into a tree.
Your +0 leather armour melds into your body.
Your roots penetrate the ground.
The endoplasm freezes you.
You are frozen.
* * * LOW HITPOINT WARNING * * *
The gnoll hits you but does no damage.
The gnoll hits you from afar with a +0 spear.
* * * LOW HITPOINT WARNING * * *
The ball python completely misses you.
* * * LOW HITPOINT WARNING * * *
The ball python constricts you. The gnoll hits you but does no damage.
It was a potion of magic.
Magic courses through your body.
The endoplasm hits you but does no damage.
The gnoll hits you from afar with a +0 spear.
* * * LOW HITPOINT WARNING * * *
The gnoll hits you but does no damage.
The ball python bites you but does no damage.
The ball python constricts you. The gnoll hits you but does no damage.
It was a potion of might.
You feel very mighty all of a sudden. The endoplasm freezes you.
You are frozen.
You die...

.. .. .. ...
######. ####...
#......#.......
...............
..............(
...............
.......♣S......
...#.#g.J......
......wgg......
...#.#.........
..............#
#.....##.....##
###### ######


You could see a worm, 3 gnolls, an endoplasm and a ball python.

Vanquished Creatures
  2 kobold brigands (Sewer)
  Natasha (D:2)
  A howler monkey skeleton (D:4)
  10 adders
  An adder skeleton (D:4)
  2 worms
  A dart slug (D:2)
  4 orcs (D:4)
  11 ball pythons
  A bat zombie (D:1)
  7 endoplasms
  6 giant cockroaches
  5 goblins
  4 hobgoblins
  2 quokkas
  A ball python zombie (D:1)
  5 bats
  A frilled lizard (D:2)
  7 kobolds
  5 rats
77 creatures vanquished.

Vanquished Creatures (others)
  42 plants (D:4)
42 creatures vanquished.

Grand Total: 119 creatures vanquished

Notes
Turn   | Place    | Note
-------+----------+-------------------------------------------
     0 | D:1      | Johnny the Deep Elf Earth Elementalist began the quest for
                  | the Orb.
     0 | D:1      | Reached XP level 1. HP: 10/10 MP: 6/6
   490 | D:1      | Found a faded altar of an unknown god.
   499 | D:1      | Reached XP level 2. HP: 12/16 MP: 5/8
   772 | D:1      | Reached skill level 1 in Fighting
  2138 | D:2      | Reached XP level 3. HP: 15/20 MP: 10/10
  2539 | D:2      | Noticed Natasha
  2566 | D:2      | Killed Natasha
  2567 | D:2      | Reached skill level 4 in Spellcasting
  2567 | D:2      | Reached XP level 4. HP: 17/26 MP: 6/12
  2571 | D:2      | Learned a level 3 spell: Stone Arrow
  2842 | D:2      | Found an ancient bone altar of Kikubaaqudgha.
  3438 | D:4      | Found a sparkling altar of Nemelex Xobeh.
  3440 | D:4      | Found an iron altar of Okawaru.
  3472 | D:4      | Found a staircase to the Ecumenical Temple.
  3519 | D:4      | Found a glowing drain.
  3538 | D:4      | Reached XP level 5. HP: 28/31 MP: 7/13
  3552 | Sewer    | Entered a sewer
  3904 | Sewer    | Reached skill level 5 in Spellcasting
  3904 | Sewer    | Reached XP level 6. HP: 22/37 MP: 9/15
  5175 | D:3      | HP: 1/55 [gnoll (5)]
  5176 | D:3      | Frozen to death by an endoplasm

Illustrated notes

Levels and vault maps discovered:
D:1:      saegor_arrival_fortress, layout_basic,
          hellmonk_ecumenical_altar_arch_garden
D:2:      layout_loops_cross, basic_altar, moated_statue, minmay_tetromino_o2,
          uniq_natasha
D:3:      layout_rooms, serial_shops, nicolae_lakefront_shop, serial_glass,
          glass_columns_c, glass_columns_b, glass_columns_a, glass_columns_c,
          glass_columns_a, minmay_between
D:4:      layout_rooms, nicolae_overflow_hidden_temple,
          minmay_temple_entry_statues_fountains, gup_sewer_entry_glass,
          serial_bayou, serial_bayou_shore_a, serial_bayou_pond_c,
          serial_bayou_lagoon_a, serial_bayou_ford_a

Skill      XL: |  1  2  3  4  5 |
---------------+----------------+-----
Fighting       | 1 2 3 |  3.6
Spellcasting   | 4 5 |  5.1
Earth Magic    | 4 |  4.8
Dodging        | |  2.4
Stealth        | |  2.4
Transmutations | |  1.1

Action                   |  1- 3 |  4- 6 || total
-------------------------+-------+-------++-------
Melee: Unarmed           |    37 |       ||    37
       Dagger            |    51 |       ||    51
       Short sword       |    10 |    18 ||    28
       Morningstar       |       |    36 ||    36
 Cast: Sandblast         |    38 |    43 ||    81
       Stone Arrow       |       |     9 ||     9
  Use: Potion            |       |     3 ||     3
 Stab: Sleeping          |     6 |     1 ||     7
Armor: Robe              |    26 |     1 ||    27
       Leather armour    |       |     9 ||     9
       Skin              |       |     6 ||     6
Dodge: Dodged            |    93 |    62 ||   155

Table legend: (Time is in decaauts)
 A = Elapsed time spent in this place.
 B = Non-inter-level travel time spent in this place.
 C = Inter-level travel time spent in this place.
 D = Time resting spent in this place.
 E = Time spent auto-exploring this place.
 F = Levels seen in this place.
 G = Mean time per level.
                   A        B        C        D        E       F      G
               +--------+--------+--------+--------+--------+-----+--------+
         Total |   5294 |   5161 |    133 |    474 |   3892 |   5 | 1058.8 |
       Dungeon |   4441 |   4308 |    133 |    270 |   3387 |   4 | 1110.2 |
         Sewer |    852 |    852 |      0 |    204 |    505 |   1 |  852.0 |
               +--------+--------+--------+--------+--------+-----+--------+

Top non-repeatable levels by time:
     D:1: 1787 daAuts
     D:2: 1400 daAuts
     D:4: 1136 daAuts
   Sewer: 852 daAuts
     D:3: 117 daAuts
